 Dungeon Crawl Stone Soup version 0.17-a0-2215-g49c1de0 (console) character file.

205 endege the Ducker (level 5, -1/52 HPs)
             Began as a Troll Fighter on Oct 27, 2015.
             Was a Follower of Trog.
             Slain by a killer bee (7 damage)
             ... on level 3 of the Dungeon.
             The game lasted 00:13:33 (1872 turns).

endege the Ducker (Troll Fighter)                   Turns: 1872, Time: 00:13:33

Health: -1/52      AC:  5    Str: 29    XL:     5   Next: 53%
Magic:  4/4        EV: 13    Int:  4    God:    Trog [*.....]
Gold:   66         SH:  0    Dex: 10    Spells: 0 memorised, 4 levels left

rFire  . . .     SeeInvis .     a - +0 trident
rCold  . . .     Clarity  .     b - +0 robe
rNeg   . . .     SustAt   .     c - +0 shield
rPois  .         Gourm    +     (helmet restricted)
rElec  .         Spirit   .     (no cloak)
rCorr  .         Warding  .     (gloves unavailable)
rMut   .         Stasis   .     (boots unavailable)
MR     .....                    (no amulet)
Stlth  +.........               (no ring)
                                m - +4 ring of evasion

@: confused, mighty, lethally poisoned (-1 -> -3), not resistant to hostile
enchantments, very unstealthy
A: unfitting armour, claws 3, fast metabolism 3, gourmand, regeneration 2,
shaggy fur 1, tough skin 2
a: Berserk, Burn Spellbooks, Renounce Religion


You were on level 3 of the Dungeon.
You worshipped Trog.
Trog was aware of your devotion.
You were very full.

You visited 1 branch of the dungeon, and saw 3 of its levels.

You collected 66 gold pieces.


Innate Abilities, Weirdness & Mutations

You are too large for most types of armour.
You have claws for hands.
Your metabolism is lightning-fast.
You like to eat raw meat.
You heal very quickly.
You are covered in fur (AC +1).
You have very tough skin (AC +2).


   Skills:
 + Level 2.9 Fighting
 + Level 2.2 Polearms
 + Level 3.8 Dodging
 + Level 3.5 Shields


You had 4 spell levels left.
You didn't know any spells.

Inventory:

Hand Weapons
 a - a +0 trident (weapon)
 r - a +0 hand axe of flaming
 s - a +2 mace of holy wrath
Armour
 b - a +0 robe (worn)
 c - a +0 shield (worn)
Jewellery
 m - a +4 ring of evasion (left claw)
Scrolls
 f - 4 scrolls of remove curse {unknown}
 h - 2 scrolls of enchant weapon {unknown}
 k - a scroll of blinking {unknown}
 n - 2 scrolls of identify {unknown}
 o - a scroll of immolation {unknown}
 p - 2 scrolls of recharging {unknown}
Potions
 j - a potion of curing {unknown}
Comestibles
 e - 2 bread rations
 g - a beef jerky
 i - 5 chunks of flesh
 l - a meat ration

Dungeon Overview and Level Annotations

Branches:
Dungeon (3/15)

Altars:
Nemelex Xobeh
Trog

...▒▒▒▒▒▒ ▒.▒ ▒)▒.▒
........▒ ▒.▒ ▒.▒<▒
...▒▒▒▒.▒▒▒▒ ▒.▒
▒.▒.▒ .▒.▒ ▒.....▒
▒.▒ ▒.▒.▒
.▒.▒▒▒..▒▒.▒▒▒▒▒▒.▒
▒.▒.▒
....▒▒............▒
▒.▒.▒
.▒...............▒▒
▒.▒.▒
............▒▒▒▒.▒
▒.(.▒ .▒..▒▒▒.▒▒▒.▒
▒T▒ ▒▒▒▒▒ .▒).▒▒▒.▒
▒.▒ ▒y▒
........▒▒▒.▒▒▒▒y▒▒▒
▒▒..▒▒▒▒▒.........<▒
▒▒..▒ .▒▒▒......▒
.(..▒ ▒......▒ ▒▒▒.▒
.▒▒▒.....<▒ ....▒
........).▒ ▒▒▒▒▒
.▒........▒ ▒


You could see 2 killer bees.


Message History

The killer bee poisons you! You block the killer bee's attack.
The killer bee barely misses you.
You miss the killer bee.
You feel sick. The killer bee stings you.
* * * LOW HITPOINT WARNING * * *
You are more poisoned.
The killer bee poisons you! The killer bee stings you.
* * * LOW HITPOINT WARNING * * *
Drink which item? (? for menu, Esc to quit)
You feel very mighty all of a sudden.
You feel sick. You block the killer bee's attack.
You block the killer bee's attack.
You puncture the killer bee!
The killer bee is heavily wounded.
You feel sick. The killer bee stings you!
* * * LOW HITPOINT WARNING * * *
You block the killer bee's attack. x2
Drink which item? (? for menu, Esc to quit)
It was a potion of ambrosia.
You are confused.
You feel invigorated.
You feel sick. The killer bee completely misses you.
The killer bee barely misses you.
You puncture the killer bee!
You kill the killer bee!
Trog accepts your kill.
You feel sick. The killer bee stings you.
* * * LOW HITPOINT WARNING * * *
You bump into the rock wall.
You feel sick. The killer bee stings you!
* * * LOW HITPOINT WARNING * * *
The killer bee stings you!
You die...

Action                   |  1- 3 |  4- 6 || total
-------------------------+-------+-------++-------
Melee: Trident           |   164 |    93 ||   257
  Use: Potion            |       |     2 ||     2
 Stab: Sleeping          |     6 |       ||     6
  Eat: Chunk             |    17 |     6 ||    23

Vault maps used:
D:1:      dpeg_arrival_shelter
D:2:      lightli_temple_of_fire, nemelex_spade_bored_becter
D:3:      nicolae_tso_carved_into_rock

Notes
Turn   | Place    | Note
--------------------------------------------------------------
     0 | D:1      | endege the Troll Fighter began the quest for the Orb.
     0 | D:1      | Reached XP level 1. HP: 22/22 MP: 0/0
   109 | D:1      | Reached XP level 2. HP: 26/29 MP: 1/1
   640 | D:2      | Found a sparkling altar of Nemelex Xobeh.
   726 | D:2      | Reached skill level 3 in Shields
   726 | D:2      | Reached XP level 3. HP: 33/36 MP: 2/2
   840 | D:2      | Reached skill level 3 in Dodging
  1176 | D:2      | Found a bloodstained altar of Trog.
  1181 | D:2      | Became a worshipper of Trog the Wrathful
  1399 | D:3      | Reached XP level 4. HP: 39/44 MP: 3/3
  1552 | D:3      | Reached skill level 2 in Polearms
  1706 | D:3      | Reached * piety under Trog
  1712 | D:3      | Reached XP level 5. HP: 50/50 MP: 4/4
  1872 | D:3      | Slain by a killer bee

Vanquished Creatures
  A killer bee (D:3)
  An orc priest (D:3)
  A worker ant (D:3)
  3 adders
  An ooze (D:3)
  4 worms
  9 orcs (D:3)
  5 bats
  A giant cockroach (D:2)
  4 hobgoblins
  2 jackals (D:1)
  12 kobolds
  2 giant geckos
  5 giant newts
  8 goblins
  6 rats
65 creatures vanquished.
